 Dungeon Crawl Stone Soup version 0.29.1-1-gd02db6906a (webtiles) character file.

Game seed: 16722086826874410283

14632 LabCoat the Fighter (level 11, -7/154 HPs)
             Began as a Minotaur Fighter on Oct 14, 2022.
             Was an Elder of Okawaru.
             Headbutted by a minotaur (9 damage)
             ... in a Gauntlet.
             The game lasted 00:51:25 (14612 turns).

LabCoat the Fighter (Minotaur Fighter)             Turns: 14612, Time: 00:51:26

Health: -7/154     AC: 25    Str: 25    XL:     11   Next: 91%
Magic:  4/4        EV:  2    Int:  5    God:    Okawaru [****..]
Gold:   770        SH:  6    Dex: 16    Spells: 10/10 levels left

rFire   + + .      SeeInvis .   G - +10 mace of Devotion {antimagic, rF++ rN+}
rCold   . . .      Faith    .   c - +0 buckler
rNeg    + . .      Spirit   .   (body armour currently unavailable)
rPois   +          Reflect  .   (helmet currently unavailable)
rElec   .          Harm     .   (cloak currently unavailable)
rCorr   .          Rampage  .   (gloves currently unavailable)
Will    .....      NoTele   +   (boots currently unavailable)
Stlth   +.........              (no amulet)
HPRegen 0.35/turn               D - +4 ring of evasion
MPRegen 0.09/turn               v - +6 ring of dexterity

@: mighty, tree-form, hasted, studying Axes, very quick
A: stationary, stasis, torment immunity, boosted hp, (horns 2), (retaliatory
headbutt)
a: Renounce Religion, Heroism, Finesse


You were in a Gauntlet.
You worshipped Okawaru.
Okawaru was greatly pleased with you.
You were a tree.
You visited 2 branches of the dungeon, and saw 12 of its levels.
You also visited: Gauntlet.

You collected 770 gold pieces.

Inventory:

Hand Weapons
 F - a +1 shortbow of flaming
 G - the +10 mace of Devotion (weapon) {antimagic, rF++ rN+}
   (You took it off a centaur on level 9 of the Dungeon)

   It reduces the magical energy of the wielder, and disrupts the spells and
   magical abilities of those it strikes.
   Natural abilities and divine invocations are not affected.
   rF:        It greatly protects you from fire.
   rN:        It protects you from negative energy.
Missiles
 B - 33 poisoned darts (quivered)
Armour
 c - a +0 buckler (worn)
 k - a +0 pair of gloves (melded)
 l - a +0 plate armour
 q - a +2 cloak (melded)
 t - a +0 pair of boots (melded)
 N - the quicksilver dragon scales of Vehumet's Indignation (melded) {rN+ Will+}
   (You found it in a Gauntlet)

   rN:        It protects you from negative energy.
   Will:      It increases your willpower.
Jewellery
 r - a ring of wizardry
 s - a ring of fire
 v - a +6 ring of dexterity (right branch)
 z - a ring of see invisible
 D - a +4 ring of evasion (left branch)
 L - a ring of poison resistance
Wands
 a - a wand of iceblast (4)
 h - a wand of digging (7)
 w - a wand of acid (1)
 E - a wand of flame (12)
 I - a wand of paralysis (7)
Scrolls
 e - 3 scrolls of enchant weapon
 g - 3 scrolls of fear
 i - 6 scrolls of noise
 m - a scroll of identify
 n - a scroll of amnesia
 u - a scroll of fog
 x - 3 scrolls of poison
 y - 3 scrolls of teleportation
 M - 2 scrolls of blinking
Potions
 b - 3 potions of brilliance
 f - 2 potions of cancellation
 j - 4 potions of attraction
 o - 5 potions of flight
 p - a potion of magic
 H - 2 potions of mutation


   Skills:
 * Level 11.6 Fighting
 + Level 7.9 Maces & Flails
 + Level 2.5 Ranged Weapons
 + Level 6.2 Throwing
 + Level 8.7 Armour
 + Level 8.3 Dodging
 + Level 8.7 Shields
 * Level 4.6 Invocations
 + Level 5.8 Evocations


You had 10 spell levels left.
You didn't know any spells.
Your spell library contained the following spells:

 Spells                   Type           Power      Damage    Failure   Level
 Sting                    Tmut/Pois      0%         1d3       54%         1
 Poisonous Vapours        Pois/Air       0%         N/A       69%         2
 Sublimation of Blood     Necr           0%         N/A       69%         2
 Wereblood                Tmut           0%         N/A       69%         2
 Ignite Poison            Fire/Tmut/Pois 0%         N/A       89%         3
 Mephitic Cloud           Conj/Pois/Air  0%         N/A       89%         3
 Stone Arrow              Conj/Erth      0%         3d7       89%         3
 Olgreb's Toxic Radiance  Pois           0%         N/A       100%        4
 Freezing Cloud           Conj/Ice/Air   0%         6-21      100%        5
 Ozocubu's Refrigeration  Ice            0%         4d7       100%        7
 Borgnjor's Revivificati  Necr           0%         N/A       100%        8
 Ignition                 Fire           0%         3d3       100%        8
 Lehudib's Crystal Spear  Conj/Erth      0%         10d2      100%        8
 Necromutation            Tmut/Necr      0%         N/A       100%        8
 Death's Door             Necr           0%         N/A       100%        9
 Animate Armour           Summ/Erth      Unusable   N/A       N/A         4
 Malign Gateway           Summ/Tloc      Unusable   N/A       N/A         7
 Summon Hydra             Summ           Unusable   N/A       N/A         7
 Summon Horrible Things   Summ           Unusable   N/A       N/A         8

Dungeon Overview and Level Annotations

Branches:
Dungeon (11/15)            Temple (1/1) D:7            Lair (0/5) D:10
    Orc (0/2) D:11        Gauntlet (1/1)

Altars:
Ashenzari
Dithmenos
Elyvilon
Fedhas
Gozag
Hepliaklqana
Kikubaaqudgha
Makhleb
Nemelex Xobeh
Okawaru
Qazlal
Ru
Sif Muna
Trog
Uskayaw
Vehumet
Wu Jian
Xom
Yredelemnul
Zin
The Shining One

Shops:
D:1 :   D:2 :   D:6 ?   D:8 !   D:10 (

Annotations:
D:6 3 runed translucent doors, LabCoat's ghost, novice HOFi
D:10 2 transporters, exclusion: ice statue Gauntlet 4 transporters


Innate Abilities, Weirdness & Mutations

You are a tree.
Your roots penetrate the ground, keeping you stationary.
You cannot be teleported.
You are immune to unholy pain and torment.
Your maximum health is greatly increased.
Your equipment is partially melded.
((You have a pair of horns on your head.))
((You reflexively headbutt those who attack you in melee.))


Message History

Really quaff the potion of lignification?
You turn into a tree.
Your +2 cloak melds into your body.
Your +0 pair of gloves melds into your body.
Your +0 pair of boots melds into your body.
The quicksilver dragon scales of Vehumet's Indignation {rN+ Will+} melds into your body.
Your roots penetrate the ground.
You feel sick.
You are no longer poisoned.
The minotaur hits you with a staff of poison.
* * * LOW HITPOINT WARNING * * *
The minotaur envenoms you.
* * * LOW HITPOINT WARNING * * *
The minotaur gores you but does no damage.
Okay, then.
You hit the minotaur.
The minotaur is moderately wounded.
You feel very mighty all of a sudden.
The minotaur hits you but does no damage.
The minotaur gores you but does no damage.
You hit the minotaur but do no damage.
The minotaur is moderately wounded.
The minotaur hits you with a staff of poison!
* * * LOW HITPOINT WARNING * * *
The minotaur envenoms you.
* * * LOW HITPOINT WARNING * * *
The minotaur gores you but does no damage.
You sock the minotaur!
The minotaur is moderately wounded.
You barely miss the minotaur.
The minotaur is moderately wounded.
You block the minotaur's attack.
The minotaur gores you but does no damage.
You hit the minotaur.
The minotaur is heavily wounded.
The minotaur hits you with a staff of poison!
* * * LOW HITPOINT WARNING * * *
The minotaur gores you but does no damage.
Okay, then.
You closely miss the minotaur.
The minotaur furiously retaliates!
The minotaur headbutts you!
You die...

# .# ##.# ... #####H###.#
#...♣.....# #########.#########
##≈...............≈##
#≈≈..8©8©8©8©8©8..≈≈#
#≈...............≈## # ###
################### ### ###
###≈###.................###≈###≈#
≈#≈≈≈#...8⌠8..8∩8..8⌠8...#≈≈≈#≈≈≈
.................................


You could see a minotaur.

Vanquished Creatures
  A ghost crab (Gauntlet)
  A soul eater (Gauntlet)
  An oklob plant (D:9)
  A deep elf pyromancer (D:9)
  A cyclops (D:6)
  Maggie (D:6)
  An efreet (Gauntlet)
  A troll (D:6)
  2 hornets (D:8)
  2 ynoxinuls (Gauntlet)
  A shadow (D:11)
  12 yaks
  A wyvern (D:7)
  A fire elemental (Gauntlet)
  A steam dragon (D:8)
  2 vampire mosquitoes (D:11)
  An acid dragon (D:9)
  4 water moccasins
  2 hell hounds (Gauntlet)
  An ice beast (D:6)
  5 black bears
  6 orc warriors
  10 ogres
  10 centaurs
  2 phantoms (D:5)
  4 kobold brigands
  8 bullfrogs
  2 gnoll sergeants
  A necrophage (D:6)
  3 scorpions
  9 wights
  16 killer bees
  8 howler monkeys (D:6)
  8 hounds
  3 jellies
  12 orc priests
  Crazy Yiuf (D:4)
  4 iguanas
  8 iron imps (Gauntlet)
  6 gnoll boudas
  11 orc wizards
  24 gnolls
  4 adders
  5 shadow imps
  A white imp (D:7)
  An ufetubus (D:6)
  2 worms
  3 dart slugs (D:1)
  60 orcs
  7 ball pythons
  8 bats
  13 endoplasms
  4 giant cockroaches
  6 hobgoblins
  12 jackals
  4 quokkas (D:1)
  3 frilled lizards
  8 goblins
  24 kobolds
  2 rats
366 creatures vanquished.

Vanquished Creatures (others)
  29 fungi
  51 plants
80 creatures vanquished.

Grand Total: 446 creatures vanquished

Notes
Turn   | Place    | Note
-------+----------+-------------------------------------------
     0 | D:1      | LabCoat the Minotaur Fighter began the quest for the Orb.
     0 | D:1      | Reached XP level 1. HP: 19/19 MP: 0/0
   118 | D:1      | Found Qimain's Book Emporium.
   121 | D:1      | Reached XP level 2. HP: 27/27 MP: 1/1
   214 | D:1      | Reached skill level 4 in Fighting
   346 | D:1      | Reached XP level 3. HP: 27/33 MP: 2/2
   542 | D:1      | Found a faded altar of an unknown god.
  1348 | D:2      | Found Rocw's Book Shop.
  1367 | D:2      | Reached XP level 4. HP: 38/41 MP: 3/3
  1748 | D:3      | Reached skill level 1 in Throwing
  1748 | D:3      | Reached skill level 1 in Evocations
  1756 | D:3      | HP: 1/41 [gnoll/+0 flail[a gnoll bouda] (10)]
  1759 | D:3      | Reached XP level 5. HP: 7/47 MP: 4/4
  2334 | D:3      | Found a radiant altar of Vehumet.
  2564 | D:3      | Reached skill level 5 in Fighting
  2706 | D:3      | Found a basalt altar of Yredelemnul.
  3008 | D:3      | Found a white marble altar of Elyvilon.
  3317 | D:4      | Found a runed translucent door.
  3318 | D:4      | Noticed Crazy Yiuf
  3324 | D:4      | Killed Crazy Yiuf
  3325 | D:4      | Reached XP level 6. HP: 56/56 MP: 5/5
  3803 | D:4      | Found an opulent altar of Gozag.
  3942 | D:5      | Entered Level 5 of the Dungeon
  3951 | D:5      | Reached skill level 5 in Maces & Flails
  3951 | D:5      | Reached XP level 7. HP: 62/62 MP: 6/6
  4052 | D:5      | Reached skill level 6 in Fighting
  4093 | D:5      | Reached skill level 5 in Armour
  4093 | D:5      | Reached skill level 1 in Dodging
  4235 | D:5      | Reached skill level 5 in Shields
  4861 | D:5      | Reached XP level 8. HP: 59/71 MP: 7/7
  5052 | D:5      | Reached skill level 7 in Fighting
  5295 | D:6      | Found a runed translucent gate.
  5295 | D:6      | Found a runed translucent gate.
  5296 | D:6      | Found a runed translucent gate.
  5307 | D:6      | Noticed LabCoat's ghost (novice HOFi)
  5360 | D:6      | Noticed Maggie
  5423 | D:6      | Killed Maggie
  5424 | D:6      | Reached skill level 8 in Fighting
  5477 | D:6      | Reached XP level 9. HP: 29/81 MP: 8/8
  5768 | D:6      | Found Tytwof's Magic Scroll Boutique.
  5801 | D:6      | Reached skill level 5 in Dodging
  6753 | D:6      | Reached skill level 9 in Fighting
  6983 | D:6      | Noticed a cyclops
  7321 | D:6      | Reached XP level 10. HP: 86/91 MP: 9/9
  7353 | D:6      | Killed a cyclops
  8280 | D:7      | Reached skill level 5 in Throwing
  8475 | D:7      | Found a staircase to the Ecumenical Temple.
  8490 | Temple   | Entered the Ecumenical Temple
  8626 | Temple   | Became a worshipper of Warmaster Okawaru
  9052 | D:7      | Identified the +4 quarterstaff of Distraction {vorpal,
                  | Str+3 Int+4 Dex-2}
  9426 | D:8      | Reached skill level 10 in Fighting
  9753 | D:8      | Found a sacrificial altar of Ru.
  9944 | D:8      | Found a sparkling altar of Nemelex Xobeh.
  9975 | D:8      | Reached skill level 1 in Invocations
 10173 | D:8      | Reached * piety under Okawaru
 10267 | D:8      | Reached skill level 5 in Evocations
 10466 | D:8      | Paralysed by a hornet for 2 turns
 11356 | D:8      | Found Ludarcheo's Distillery.
 11620 | D:9      | Found a broken altar of Ashenzari.
 11668 | D:9      | Found a shimmering blue altar of Sif Muna.
 11751 | D:9      | Noticed a deep elf pyromancer
 11756 | D:9      | Killed a deep elf pyromancer
 11756 | D:9      | Reached ** piety under Okawaru
 11757 | D:9      | Reached XP level 11. HP: 94/101 MP: 11/11
 11993 | D:9      | Found a bloodstained altar of Trog.
 11994 | D:9      | Found a shadowy altar of Dithmenos.
 12290 | D:9      | Identified the +10 mace of Devotion {antimagic, rF++ rN+}
 12317 | D:9      | Found an ancient bone altar of Kikubaaqudgha.
 12394 | D:9      | Found a blossoming altar of Fedhas.
 12413 | D:9      | Noticed an oklob plant
 12429 | D:9      | Killed an oklob plant
 12927 | D:10     | Entered Level 10 of the Dungeon
 13051 | D:10     | Found a glowing golden altar of the Shining One.
 13055 | D:10     | Noticed a fire crab
 13057 | D:10     | Found an ornate altar of the Wu Jian Council.
 13057 | D:10     | Noticed a centaur warrior
 13059 | D:10     | Found a transporter.
 13059 | D:10     | Noticed a centaur warrior
 13073 | D:10     | Found a transporter.
 13115 | D:10     | Reached skill level 1 in Ranged Weapons
 13117 | D:10     | Reached skill level 11 in Fighting
 13118 | D:10     | Reached *** piety under Okawaru
 13310 | D:10     | Found a staircase to the Lair.
 13416 | D:10     | Found Xigipo's Antique Weapon Shoppe.
 13724 | D:11     | Found a staircase to the Orcish Mines.
 13791 | D:11     | Received a gift from Okawaru
 13892 | D:11     | Found a gate leading to a gauntlet.
 13903 | Gauntlet | Entered a Gauntlet
 13903 | Gauntlet | Noticed a soul eater
 13903 | Gauntlet | Found a transporter.
 14081 | Gauntlet | Found a transporter.
 14084 | Gauntlet | Found a transporter.
 14085 | Gauntlet | Found a transporter.
 14096 | Gauntlet | Found a transporter.
 14096 | Gauntlet | Found a transporter.
 14097 | Gauntlet | Found a transporter.
 14106 | Gauntlet | Found a transporter.
 14108 | Gauntlet | Found a transporter.
 14109 | Gauntlet | Found a transporter.
 14117 | Gauntlet | Found a transporter.
 14120 | Gauntlet | Found a transporter.
 14121 | Gauntlet | Found a transporter.
 14129 | Gauntlet | Found a transporter.
 14129 | Gauntlet | Noticed a ghost crab
 14232 | Gauntlet | Killed a soul eater
 14232 | Gauntlet | Reached **** piety under Okawaru
 14535 | Gauntlet | Noticed a spectral anaconda
 14536 | Gauntlet | Killed a ghost crab
 14575 | Gauntlet | Identified the quicksilver dragon scales of Vehumet's
                  | Indignation {rN+ Will+}
 14595 | Gauntlet | Noticed a minotaur
 14611 | Gauntlet | HP: 2/154 [minotaur/staff of poison (13)]
 14612 | Gauntlet | Headbutted by a minotaur

Illustrated notes

Levels and vault maps discovered:
D:1:      mrwooster_arrival_statue_3, layout_loops_corners, serial_shops,
          nicolae_diamond_shop, shapermc_ecumenical_altar_mp_highgroup,
          minmay_cut_off
D:2:      layout_loops_ring, serial_shops, shop, serial_bayou_ford_a
D:3:      layout_loops_corners, kennysheep_ying_yang, vehumet_crystals,
          nicolae_grassy_gnolls
D:4:      layout_rooms, mainiacjoe_overflow_tiny_flanked,
          uniq_crazy_yiuf_cottage
D:5:      minmay_chambers_of_fours, layout_rooms
D:6:      lemuel_castle_with_subvaults [lemuel_castle_interior_original],
          layout_basic, gammafunk_ghost_icy, serial_shops, shop_scrolls,
          uniq_maggie
D:7:      layout_basic, lemuel_coloured_pillars_altar, minmay_temple_entry_mist,
          centaur_isle
D:8:      layout_basic, nicolae_ru_the_path_less_chosen,
          mainiacjoe_overflow_alcove_2, serial_shops, nicolae_shop_hallway_plus,
          special_room [special_room_orc], minmay_misc_feat_cross,
          minmay_manual_mares
D:9:      layout_roguey, kennysheep_mini, lemuel_blue_sif_altar,
          kiku_gazebo_pond_becter, tgw_fedhas, jmf_multi_god_temple,
          serial_corexii_hall, corexii_hall_statues_l, corexii_hall_statues_x
D:10:     lemuel_ice_statue, layout_small_grid, gammafunk_temple_overflow_arena,
          due_lair_maze_entry_diamond, serial_shops, nicolae_take_the_stairs
D:11:     lemuel_troll_bridge, layout_cave_pools, orc_0_dummy,
          gauntlet_entry_generic
Temple:   nicolae_temple_superstar
Gauntlet: gammafunk_gauntlet_77_escape_option [minmay_gauntlet_arena_77_mirror,
          minmay_gauntlet_arena_77_chump_sandwich,
          minmay_gauntlet_arena_77_mess, minmay_gauntlet_arena_77_block_sizes,
          minmay_gauntlet_arena_77_hold_the_fort,
          dreamdust_gauntlet_exit_labyrinth]

Skill      XL: |  1  2  3  4  5  6  7  8  9 10 11 |
---------------+----------------------------------+-----
Fighting       | 4 5 6 8 9 10 11 | 11.6
Maces & Flails | 3 4 5 6 7 |  7.9
Shields        | 4 5 6 7 8 |  8.7
Throwing       | 1 2 3 4 5 6 |  6.2
Armour         | 4 5 6 7 8 |  8.7
Evocations     | 1 2 3 4 5 |  5.8
Dodging        | 2 4 6 7 8 |  8.3
Invocations    | 2 4 |  4.6
Ranged Weapons | 2 |  2.5

Action                   |  1- 3 |  4- 6 |  7- 9 | 10-12 || total
-------------------------+-------+-------+-------+-------++-------
Melee: Flail             |    81 |   124 |   250 |   135 ||   590
       Headbutt          |    11 |    19 |    67 |   103 ||   200
       Mace              |       |       |    51 |   309 ||   360
       Morningstar       |       |       |       |    45 ||    45
Throw: Dart              |       |       |       |    38 ||    38
       Boomerang         |       |       |       |     5 ||     5
Invok: Heroism           |       |       |       |     1 ||     1
Evoke: Wand              |       |       |       |     5 ||     5
  Use: Scroll            |     8 |     6 |     3 |    10 ||    27
       Potion            |       |     7 |     5 |    10 ||    22
Armor: Scale mail        |    38 |    65 |    87 |       ||   190
       Skin              |       |       |    19 |    12 ||    31
       Chain mail        |       |       |    70 |    42 ||   112
       Plate armour      |       |       |       |   257 ||   257
       Quicksilver drago |       |       |       |     4 ||     4
Dodge: Dodged            |    46 |    59 |   156 |   326 ||   587
Block: Buckler           |    12 |    33 |    81 |   195 ||   321
